 Dungeon Crawl Stone Soup version 0.27-a0-1312-g5cdb2b3542 (webtiles) character file.

Game seed: 6557543478390184658

149 HAL9000 the Sneak (level 5, -2/20 (26) HPs)
             Began as a Vine Stalker Brigand on June 19, 2021.
             Slain by Duvessa (3 damage)
             ... on level 4 of the Dungeon.
             The game lasted 00:05:04 (2714 turns).

HAL9000 the Sneak (Vine Stalker Brigand)            Turns: 2714, Time: 00:05:04

HP:   -2/20 (26)    AC:  4    Str: 15    XL:     5   Next: 31%
MP:   0/6           EV: 11    Int: 11    God:
Gold: 161           SH:  0    Dex: 15    Spells: 1/4 levels left

rFire    . . .     SeeInvis .   a - +2 dagger
rCold    . . .     Faith    .   (no shield)
rNeg     . . .     Spirit   +   b - +0 robe
rPois    .         Reflect  .   p - +1 hat
rElec    .         Harm     .   c - +0 cloak
rCorr    .         Rampage  .   (no gloves)
Will     .....                  (no boots)
Stlth    +++.......             (no amulet)
HPRegen  1.06/turn              (no ring)
MPRegen  0.10/turn              (no ring)

@: heavily drained
A: fangs 2, regeneration 1, magic shield, antimagic bite, no potion heal 2
a: no special abilities


You were on level 4 of the Dungeon.
You visited 1 branch of the dungeon, and saw 4 of its levels.

You collected 161 gold pieces.

Inventory:

Hand Weapons
 a - a +2 dagger (weapon)
Missiles
 d - 10 poisoned darts (quivered)
 e - 2 curare-tipped darts
 k - 7 boomerangs
 o - a throwing net
Armour
 b - a +0 robe (worn)
 c - a +0 cloak (worn)
 j - a scarf of invisibility
 p - a +1 hat (worn)
Scrolls
 f - 3 scrolls of noise {unknown}
 g - a scroll of fog {unknown}
 h - a scroll of enchant armour {unknown}
 i - a scroll of fear {unknown}
 l - a scroll of vulnerability {unknown}
 q - 3 scrolls of identify {unknown}
 s - a scroll of immolation {unknown}
Potions
 m - 3 potions of lignification {unknown}
 n - 2 potions of attraction {unknown}
 r - a potion of might
 t - a potion of heal wounds {unknown}
 u - a potion of curing {unknown}


   Skills:
 - Level 1.7 Fighting
 - Level 4.5 Short Blades
 - Level 1.7 Throwing
 - Level 0.7 Dodging
 - Level 5.4 Stealth


You had one spell level left.
You knew the following spells:

 Your Spells              Type           Power      Damage    Failure   Level
a - Confusing Touch       Hex            0%         N/A       71%         3

Your spell library contained the following spells:

 Spells                   Type           Power      Damage    Failure   Level
 Corona                   Hex            0%         N/A       34%         1
 Magic Dart               Conj           0%         1d3       34%         1
 Blink                    Tloc           N/A        N/A       47%         2
 Call Imp                 Summ           0%         N/A       47%         2
 Ensorcelled Hibernation  Hex/Ice        0%         N/A       47%         2
 Slow                     Hex            0%         N/A       47%         2
 Conjure Flame            Conj/Fire      0%         6-21      71%         3
 Dazzling Flash           Conj/Hex       0%         N/A       71%         3
 Mephitic Cloud           Conj/Pois/Air  0%         N/A       71%         3
 Tukima's Dance           Hex            0%         N/A       71%         3


Dungeon Overview and Level Annotations

Branches:
Dungeon (4/15)
 Temple: D:4-7

Altars:

Annotations:
D:4 Dowan, Duvessa


Innate Abilities, Weirdness & Mutations

You have extremely sharp teeth.
Your natural rate of healing is unusually fast.
When hurt, damage is shared between your health and your magic reserves.
Your bite disrupts and absorbs the magic of your enemies.
Potions cannot restore your health.


Message History

This spell is potentially lethal to cast!
Memorise Confusing Touch, consuming 3 spell levels and leaving 1?
You start memorising the spell.
You continue memorising. x3
You finish memorising.
Spell assigned to 'a'.
Okay, then.
Casting: Confusing Touch (potentially lethal; 71% risk of failure)
Confirm with . or Enter, or press ? or * to list all spells.
Okay, then.
You see here a hobgoblin corpse.
Found a stone staircase leading up.
Dowan, Brother of Duvessa comes into view.
He is wielding a +0 dagger.
Dowan shouts!
Duvessa, Sister of Dowan comes into view.
She is wielding a +2 short sword of draining.
A hobgoblin comes into view.
Dowan moves out of view.
There are monsters nearby!
There are monsters nearby!
Dowan points at Duvessa and mumbles some strange words.
Duvessa seems to speed up.
Duvessa hits you with a +2 short sword of draining!
You feel drained.
Dowan says, "Stay away from my face!"
Duvessa drinks a potion.
Duvessa seems to grow stronger.
Duvessa says, "When magic and the sword combine, nothing stands against them."
Duvessa barely misses you.
Dowan says, "My weaknesses are her strengths!"
You see here 20 stones.
Duvessa barely misses you.
Dowan casts a spell.
Dowan blinks!
Dowan casts a spell at you. You resist with some effort.
Duvessa hits you with a +2 short sword of draining!
You feel drained.
There is a stone staircase leading up here.
Duvessa hits you with a +2 short sword of draining!
Ouch! That really hurt!
* * * LOW HITPOINT WARNING * * *
You feel drained.
You die...

#..# #.. .. #..#
####.##.# #.†#
##.##.##.#
#.###.#.#.##.####
#.##.###...#..... #.#.##
##....#
##.##.###...#.######
###...>..#...e.#.....###
......###.##..#e@.......
>.##..# #.##..######.###
#.....# #.##.(.....#
..###.###. ##§####.# #
#.#.. #g# .# #.#.# #.#
#.# #.#.#####.###.#
#.###..........#.#
......<.........#


You could see Duvessa (fast, strong) and Dowan.

Vanquished Creatures
  Jessica (D:3)
  Terence (D:3)
  An orc wizard (D:2)
  2 adders (D:4)
  A dart slug (D:2)
  2 orcs (D:3)
  6 endoplasms
  2 giant cockroaches
  2 goblins
  7 hobgoblins
  6 jackals (D:2)
  A quokka (D:2)
  3 ball pythons
  A bat (D:1)
  4 frilled lizards
  7 kobolds
  5 rats
52 creatures vanquished.

Notes
Turn   | Place    | Note
-------+----------+-------------------------------------------
     0 | D:1      | HAL9000 the Vine Stalker Brigand began the quest for the
                  | Orb.
     0 | D:1      | Reached XP level 1. HP: 11/11 MP: 2/2
    12 | D:1      | Noticed an electric eel
   143 | D:1      | Reached skill level 5 in Stealth
   156 | D:1      | Reached XP level 2. HP: 13/15 MP: 3/3
   283 | D:1      | Found a faded altar of an unknown god.
  1076 | D:2      | Reached XP level 3. HP: 10/18 MP: 4/4
  2037 | D:3      | Noticed Jessica
  2037 | D:3      | Noticed Terence
  2164 | D:3      | Killed Terence
  2165 | D:3      | Gained mutation: Your natural rate of healing is unusually
                  | fast. [Vine Stalker growth]
  2165 | D:3      | Reached XP level 4. HP: 11/23 MP: 2/5
  2216 | D:3      | Killed Jessica
  2321 | D:2      | Reached XP level 5. HP: 18/26 MP: 3/6
  2690 | D:4      | Learned a level 3 spell: Confusing Touch
  2697 | D:4      | Noticed Dowan
  2697 | D:4      | Noticed Duvessa
  2714 | D:4      | HP: 1/22 [Duvessa (11)]
  2714 | D:4      | Slain by Duvessa

Illustrated notes

Levels and vault maps discovered:
D:1:      arrival_aquarium_a, layout_loops_cross,
          shapermc_ecumenical_altar_starsandcircs, minivault_27, st_stairs_12,
          minmay_ruptured
D:2:      layout_basic
D:3:      layout_rooms, chequers_serial_rivers_small_a, uniq_jessica,
          uniq_terence
D:4:      minmay_wonky_spiral, layout_loops_ring, bh_walls_and_bars,
          uniq_grinder, uniq_eustachio, uniq_duvessa

Skill      XL: |  1  2  3  4 |
---------------+-------------+-----
Stealth        | 5 |  5.4
Short Blades   | 2 3 4 |  4.5
Fighting       | |  1.7
Throwing       | |  1.7
Dodging        | |  0.7

Action                   |  1- 3 |  4- 6 || total
-------------------------+-------+-------++-------
Melee: Dagger            |    85 |    45 ||   130
       Bite              |    17 |    11 ||    28
Throw: Dart              |     7 |     5 ||    12
 Stab: Sleeping          |    10 |     1 ||    11
       Distracted        |     1 |       ||     1
Armor: Robe              |    26 |    10 ||    36
Dodge: Dodged            |    32 |    15 ||    47

Table legend: (Time is in decaauts)
 A = Elapsed time spent in this place.
 B = Non-inter-level travel time spent in this place.
 C = Inter-level travel time spent in this place.
 D = Time resting spent in this place.
 E = Time spent auto-exploring this place.
 F = Levels seen in this place.
 G = Mean time per level.
                   A        B        C        D        E       F      G
               +--------+--------+--------+--------+--------+-----+--------+
         Total |   2694 |   2627 |     67 |    331 |   1825 |   4 |  673.5 |
       Dungeon |   2694 |   2627 |     67 |    331 |   1825 |   4 |  673.5 |
               +--------+--------+--------+--------+--------+-----+--------+

Top non-repeatable levels by time:
     D:2: 1311 daAuts
     D:1: 767 daAuts
     D:3: 538 daAuts
     D:4: 77 daAuts
